 Dungeon Crawl Stone Soup version 0.20.1-1-g8b1a95d (webtiles) character file.

48 VirginKiller the Ruffian (level 3, -1/29 HPs)
             Began as a Demigod Gladiator on Oct 7, 2017.
             Slain by an adder (2 damage)
             ... on level 2 of the Dungeon.
             The game lasted 00:04:33 (579 turns).

VirginKiller the Ruffian (Demigod Gladiator)         Turns: 579, Time: 00:04:34

Health: -1/29      AC:  6    Str: 19    XL:     3   Next: 30%
Magic:  5/5        EV: 12    Int: 12    God:
Gold:   46         SH:  0    Dex: 17    Spells: 2/2 levels left

rFire    . . .     SeeInvis .     - Unarmed
rCold    . . .     Gourm    .   (no shield)
rNeg     . . .     Faith    .   h - +0 ring mail
rPois    .         Spirit   .   b - +0 helmet
rElec    .         Reflect  .   (no cloak)
rCorr    .         Harm     .   (no gloves)
MR       .....                  (no boots)
Stlth    +.........             (no amulet)
Regen    0.1/turn               (no ring)
MPRegen  0.1/turn               (no ring)

@: lethally poisoned (-1 -> -6)
A: high mp 1
a: no special abilities


You were on level 2 of the Dungeon.
You were not hungry.

You visited 1 branch of the dungeon, and saw 2 of its levels.

You collected 46 gold pieces.

Inventory:

Armour
 b - a +0 helmet (worn)
 h - a +0 ring mail (worn)
Scrolls
 a - a scroll of magic mapping {unknown}
 e - a scroll of teleportation {unknown}
 g - a scroll of amnesia {unknown}
 j - 6 scrolls of identify {unknown}
 l - a scroll of recharging {unknown}
Potions
 f - a potion of flight {unknown}
 k - a potion of agility {unknown}
 n - a potion of heal wounds {unknown}
 o - a potion of haste {unknown}
 q - a potion of curing {unknown}
Comestibles
 d - 2 bread rations
 i - 2 meat rations
 m - 5 fruits
 p - 2 chunks of flesh


   Skills:
 - Level 1.7 Fighting
 - Level 1.7 Throwing
 - Level 2.6 Dodging
 * Level 4.1 Unarmed Combat


You had 2 spell levels left.
You didn't know any spells.

Dungeon Overview and Level Annotations

Branches:
Dungeon (2/15)


Innate Abilities, Weirdness & Mutations

You have an increased reservoir of magic. (+10% MP)


Message History

The throwing net barely misses the adder.
The adder bites you but does no damage.
Throwing (i - inventory. (,) - cycle):
c - a throwing net (quivered)
Press: ? - help, Shift-Dir - straight line, f/p - adder
Aim: an adder You throw a throwing net.
The throwing net barely misses the adder.
The adder bites you but does no damage.
Throwing (i - inventory):
r - a stone (quivered)
Press: ? - help, Shift-Dir - straight line, f/p - adder
Aim: an adder You throw a stone.
The stone barely misses the adder.
The adder bites you.
* * * LOW HITPOINT WARNING * * *
You are lethally poisoned!
The adder poisons you!
You hit the adder.
The adder is severely wounded.
* * * LOW HITPOINT WARNING * * *
You feel sick. The adder bites you.
You die...

#.....# #.........#
#..... #...<.#
#.........# ######
#..>..+ +.........+
#.....# #.....)...#
#.....# #.........#
#.....###.........#
#......##.........#
#.......†.....###
#.._8_.#####@...#
#......# #.S...#
#......# #.....#
#....### #........
###### #........
#........ #..$#....
#$?.#...(


You could see an adder.

Vanquished Creatures
  An adder (D:2)
  An ooze (D:1)
  2 dart slugs (D:1)
  A leopard gecko (D:2)
  3 bats (D:1)
  A giant cockroach (D:2)
  5 hobgoblins
  3 kobolds
  A ball python (D:1)
  2 frilled lizards (D:1)
  5 goblins
  6 rats
31 creatures vanquished.

Notes
Turn   | Place    | Note
-------+----------+-------------------------------------------
     0 | D:1      | VirginKiller the Demigod Gladiator began the quest for the Orb.
     0 | D:1      | Reached XP level 1. HP: 17/17 MP: 3/3
    32 | D:1      | Reached skill level 3 in Unarmed Combat
   144 | D:1      | Reached XP level 2. HP: 24/24 MP: 4/4
   465 | D:2      | Reached XP level 3. HP: 27/29 MP: 5/5
   505 | D:2      | Reached skill level 4 in Unarmed Combat
   549 | D:2      | Found an iron altar of Okawaru.
   549 | D:2      | Found a stormy altar of Qazlal.
   579 | D:2      | HP: 1/29 [poisoned by an adder]
   579 | D:2      | Slain by an adder

Skill      XL: |  1  2  3 |
---------------+----------+-----
Unarmed Combat | 3 4 |  4.1
Fighting       | |  1.7
Throwing       | |  1.7
Dodging        | |  2.6

Action                   || total
-------------------------++-------
Melee: Unarmed           ||   111
       Punch             ||     1
Throw: Throwing net      ||     7
       Stone             ||     1
 Stab: Sleeping          ||     1
       Held in net/web   ||     1
Armor: Leather armour    ||     7
       Ring mail         ||    22
Dodge: Dodged            ||    59
